 Dungeon Crawl Stone Soup version 0.31.0-11-ge490571c62 (webtiles) character file.

Game seed: 2319125610438288416

28 snarfax the Chopper (level 3, -4/31 HPs)
             Began as a Hill Orc Fighter on Jan 30, 2024.
             Slain by Sigmund
             ... wielding a +4 scythe of protection
              (13 damage)
             ... on level 2 of the Dungeon.
             The game lasted 00:01:50 (1057 turns).

snarfax the Chopper (Hill Orc Fighter)              Turns: 1057, Time: 00:01:51

Health: -4/31      AC:  7    Str: 20    XL:     3   Next: 14%
Magic:  3/3        EV:  9    Int:  8    God:
Gold:   62         SH: 10    Dex: 10    Spells: 2/2 levels left

rFire   . . .        a - +0 war axe
rCold   . . .        c - +1 buckler
rNeg    . . .        b - +0 scale mail
rPois   .            e - +1 hat
rElec   .            (no cloak)
rCorr   .            (no gloves)
SInv    .            (no boots)
Will    .....        j - amulet of reflection Stlth
                     (no ring)
HPRegen 0.25/turn    (no ring)
MPRegen 0.08/turn

%: reflection
@: mighty
A: no striking features
a: no special abilities


You were on level 2 of the Dungeon.
You visited 1 branch of the dungeon, and saw 2 of its levels.

You collected 62 gold pieces.

Inventory:

Hand Weapons
 a - a +0 war axe (weapon)
Armour
 b - a +0 scale mail (worn)
 c - a +1 buckler (worn)
 e - a +1 hat (worn)
Jewellery
 j - an amulet of reflection (around neck)
Scrolls
 h - 2 scrolls of identify
Potions
 d - 2 potions of might
 f - a potion of resistance


   Skills:
 - Level 3.6 Fighting
 * Level 4.1 Axes
 - Level 3.2 Armour
 + Level 3.8 Shields


You had 2 spell levels left.
You didn't know any spells.
Your spell library contained the following spells:

 Spells                   Type           Power      Damage    Failure   Level
 Apportation              Tloc           0%         N/A       83%         1
 Necrotise                Necr           0%         1d4       83%         1
 Sting                    Conj/Alch      0%         1d3       83%         1
 Summon Small Mammal      Summ           0%         N/A       83%         1
 Call Canine Familiar     Summ           0%         N/A       99%         3
 Sigil of Binding         Hex            0%         N/A       99%         3
 Dimensional Bullseye     Hex/Tloc       0%         N/A       100%        4


Dungeon Overview and Level Annotations

Branches:
Dungeon (2/15)

Altars:

Annotations:
D:2 Sigmund


Message History

You kill the endoplasm!
No target in view!
No target in view!
Found 4 stones.
You now have 62 gold pieces (gained 16).
You open the door.
Found a club.
There is an open door here.
Found an escape hatch in the ceiling.
No target in view!
Sigmund the Dreaded comes into view.
He is wielding a +4 scythe of protection.
An adder comes into view.
The adder hisses angrily.
Sigmund points at you and mumbles some strange words.
You resist with significant effort.
You see here a +0 club.
You closely miss Sigmund. Sigmund gestures at you while chanting.
You are confused.
You are too confused!
You are too confused!
You are too confused!
You barely miss Sigmund.
Sigmund gestures wildly while chanting.
Sigmund flickers and vanishes!
Deactivating autopickup; reactivate with Ctrl-A.
You're too confused to move!
Something hits you. Something hits you! The adder bites you.
The adder bites you but does no damage. Something hits you!
* * * LOW HITPOINT WARNING * * *
You feel very mighty all of a sudden.
You feel less confused. You block the adder's attack.
A bat comes into view.
Something hits you.
* * * LOW HITPOINT WARNING * * *
The adder bites you but does no damage.
You barely miss the adder. The adder bites you but does no damage.
Something hits you!
You die...

###.##......♣
#..........P~
#........♣..♣
#............
#.....b.......
#..<..........#
#....{........#
#..@S).?......#
+..$..........#
#..............
#..............
#..............
#..............
###+###'###....
#.###.... #...
#........


You could see an adder and a bat.

Vanquished Creatures
  A ball python (D:1)
  4 endoplasms
  A giant cockroach (D:2)
  2 goblins (D:1)
  A hobgoblin (D:1)
  7 jackals (D:1)
  2 kobolds (D:1)
  A quokka (D:1)
  A bat (D:1)
  A frilled lizard (D:1)
  2 rats
23 creatures vanquished.

Notes
Turn   | Place    | Note
-------+----------+-------------------------------------------
     0 | D:1      | snarfax the Hill Orc Fighter began the quest for the Orb.
     0 | D:1      | Reached XP level 1. HP: 19/19 MP: 1/1
    76 | D:1      | Reached skill level 3 in Axes
   144 | D:1      | Reached XP level 2. HP: 26/26 MP: 2/2
   906 | D:1      | Reached skill level 4 in Axes
   906 | D:1      | Reached XP level 3. HP: 25/31 MP: 3/3
  1046 | D:2      | Noticed Sigmund
  1057 | D:2      | Slain by Sigmund

Illustrated notes

Levels and vault maps discovered:
D:1:      dpeg_arrival_oval, layout_basic, minmay_stone_trees_small
D:2:      layout_basic, shapermc_ecumenical_altar_gd, serial_bayou,
          serial_bayou_lagoon_b, serial_bayou_ford_a, serial_bayou_shore_b,
          serial_bayou_pond_a, nicolae_figureground_pulse, uniq_sigmund

Skill      XL: |  1  2 |
---------------+-------+-----
Axes           | 3 4 |  4.1
Fighting       | |  3.6
Armour         | |  3.2
Shields        | |  3.8

Action                     || total
---------------------------++-------
  Melee: War axe           ||    61
    Use: Scroll            ||     4
         Potion            ||     1
 Armour: Scale mail        ||    45
  Dodge: Dodged            ||    30
  Block: Buckler           ||    19
